 Dungeon Crawl Stone Soup version 0.29.1-15-g9cfb28693d (webtiles) character file.

Game seed: 250739558745251032

16076 Eitelfritz the Thaumaturge (level 12, -13/83 HPs)
             Began as a Demonspawn Ice Elementalist on Mar 15, 2023.
             Was a Priest of Fedhas.
             Mangled by a large abomination (32 damage)
             ... on level 2 of the Abyss on Mar 19, 2023.
             The game lasted 00:57:15 (13669 turns).

Eitelfritz the Thaumaturge (DsIE)                  Turns: 13669, Time: 00:57:16

Health: -13/83     AC: 12    Str: 10    XL:     12   Next: 6%
Magic:  26/26      EV: 13    Int: 28    God:    Fedhas [***...]
Gold:   256        SH:  0    Dex: 13    Spells: 15/32 levels left

rFire   . . .      SeeInvis +   a - +1 quarterstaff (vamp)
rCold   . . .      Faith    .   (shield currently unavailable)
rNeg    . . .      Spirit   .   d - +0 troll leather armour
rPois   .          Reflect  .   y - +0 helmet {Int+3}
rElec   .          Harm     .   f - scarf {shadows}
rCorr   .          Rampage  .   G - +0 pair of gloves
Will    .....                   k - +0 pair of boots
Stlth   ++........              (no amulet)
HPRegen 1.03/turn               o - +4 ring of protection
MPRegen 0.40/turn               l - ring of see invisible

@: no status effects
A: spiny 2, magic regeneration, big brain 2, weakness stinger 1
a: Renounce Religion, Wall of Briars, Grow Ballistomycete


You were on level 2 of the Abyss.
You worshipped Fedhas.
Fedhas was most pleased with you.
You visited 2 branches of the dungeon, and saw 12 of its levels.
You visited the Abyss 1 time.

You collected 556 gold pieces.
You spent 300 gold pieces at shops.

Inventory:

Hand Weapons
 a - a +1 vampiric quarterstaff (weapon)
 b - a +2 shortbow of freezing
 J - the +2 dagger of Unreason {protect, rElec rCorr Str-5 Dex+4}
   (You found it on level 8 of the Dungeon)

   It grants its wielder temporary protection when it strikes (+7 to AC).
   Str:       It affects your strength (-5).
   Dex:       It affects your dexterity (+4).
   rElec:     It insulates you from electricity.
   rCorr:     It protects you from acid and corrosion.
 M - a +2 dagger of venom
 R - a +5 flail of freezing
 U - the +6 mace "Qaomp" {vorpal, rPois rC- Str+4 Dex+5}
   (You found it on level 11 of the Dungeon)

   It inflicts extra damage upon your enemies.
   Str:       It affects your strength (+4).
   Dex:       It affects your dexterity (+5).
   rC:        It makes you vulnerable to cold.
   rPois:     It protects you from poison.
 Y - a +0 longbow
Missiles
 h - 29 poisoned darts (quivered)
 r - 127 stones
 E - a boomerang of dispersal
 N - 4 curare-tipped darts
Armour
 d - a +0 troll leather armour (worn)
 f - a scarf of shadows (worn)
 k - a +0 pair of boots (worn)
 t - a +0 robe
 w - a +3 leather armour of willpower
 y - a +0 helmet of intelligence (worn)
 G - a +0 pair of gloves (worn)
Magical Staves
 i - a staff of conjuration
Jewellery
 l - a ring of see invisible (right hand)
 o - a +4 ring of protection (left hand)
 x - an amulet of faith
 K - a ring of flight
 Q - an amulet of magic regeneration
 V - a ring of willpower
 X - a ring of wizardry
 Z - a +4 ring of protection
Wands
 g - a wand of acid (14)
 p - a wand of mindburst (19)
 s - a wand of flame (12)
 u - a wand of polymorph (13)
 C - a wand of charming (11)
Scrolls
 e - 3 scrolls of fear
 B - 2 scrolls of blinking
 I - a scroll of brand weapon
 L - a scroll of identify
 O - a scroll of immolation {unknown}
 P - a scroll of teleportation
 T - a scroll of butterflies
 W - a scroll of summoning {unknown}
Potions
 c - a potion of brilliance
 j - 4 potions of flight
 m - 4 potions of mutation
 n - 2 potions of curing
 q - a potion of heal wounds
 v - 2 potions of attraction
 z - a potion of berserk rage
 A - 3 potions of lignification
 D - 2 potions of invisibility
 F - 2 potions of resistance
 H - a potion of might
 S - 2 potions of magic


   Skills:
 + Level 3.9 Fighting
 + Level 0.2 Short Blades
 + Level 5.0 Staves
 + Level 1.4 Ranged Weapons
 + Level 3.4 Armour
 + Level 4.4 Dodging
 + Level 4.0 Stealth
 + Level 0.1 Unarmed Combat
 + Level 10.6 Spellcasting
 + Level 0.2 Hexes
 + Level 6.7 Necromancy
 + Level 9.0 Ice Magic
 * Level 8.8 Invocations


You had 15 spell levels left.
You knew the following spells:

 Your Spells              Type           Power      Damage    Failure   Level
a - Freeze                Ice            100%       1d11      1%          1
b - Frozen Ramparts       Ice            100%       1d16      1%          3
c - Ozocubu's Armour      Ice            60%        N/A       1%          3
d - Ensorcelled Hibernat  Hex/Ice        80%        N/A       1%          2
e - Hailstorm             Conj/Ice       40%        3d10      8%          4
f - Necrotise             Necr           100%       1d9       1%          1
g - Vampiric Draining     Necr           51%        2d9       1%          3

Your spell library contained the following spells:

 Spells                   Type           Power      Damage    Failure   Level
 Passwall                 Tmut/Erth      11%        N/A       8%          2
 Agony                    Necr           51%        N/A       9%          5
 Dazzling Flash           Conj/Hex       30%        N/A       14%         3
 Summon Guardian Golem    Hex/Summ       15%        N/A       14%         3
 Swiftness                Air            14%        N/A       14%         3
 Iskenderun's Mystic Bla  Conj/Tloc      15%        2d5       43%         4
 Leda's Liquefaction      Hex/Erth       7%         N/A       43%         4
 Lee's Rapid Deconstruct  Erth           7%         3d7*      80%         5
 Starburst                Conj/Fire      7%         6d4       100%        6
 Statue Form              Tmut/Erth      9%         N/A       100%        6
 Orb of Destruction       Conj           7%         9d6       100%        7
 Spellforged Servitor     Conj/Summ      7%         N/A       100%        7


Dungeon Overview and Level Annotations

Branches:
Dungeon (11/15)            Temple (1/1) D:4            Lair (0/5) D:11
    Orc (0/2) D:10

Altars:
Ashenzari
Cheibriados
Dithmenos
Fedhas
Gozag
Hepliaklqana
Kikubaaqudgha
Makhleb
Nemelex Xobeh
Okawaru
Qazlal
Ru
Sif Muna
Trog
Uskayaw
Vehumet
Wu Jian
Xom
Yredelemnul

Shops:
D:7 (*

Annotations:
D:11 3 runed translucent doors


Innate Abilities, Weirdness & Mutations

You are mostly covered in sharp spines.
You regenerate magic rapidly.
You have an extremely huge brain. (Int +4)
You have a small tail.


Message History

You hit the wizard.
You tail-slap the wizard, but do no damage.
The wizard is severely wounded.
The wall freezes the wizard!
The wizard points at you and mumbles some strange words.
You are cast into the Abyss!
The frozen ramparts melt away.
This branch contains the abyssal rune of Zot.
Unknown command.
Unknown command.
A large abomination comes into view.
The large abomination attacks as you move away!
The large abomination closely misses you.
The large abomination attacks as you move away!
The large abomination closely misses you.
The large abomination hits you!
The large abomination attacks as you move away!
The large abomination hits you!!
The large abomination attacks as you move away!
The large abomination closely misses you.
The large abomination attacks as you move away!
The large abomination hits you! The large abomination misses you.
The large abomination attacks as you move away!
The large abomination closely misses you.
The large abomination attacks as you move away!
The large abomination hits you!
The large abomination attacks as you move away!
The large abomination is struck by your spines.
The large abomination hits you!!
* * * LOW HITPOINT WARNING * * *
The large abomination attacks as you move away!
The large abomination barely misses you.
The large abomination attacks as you move away!
The large abomination is struck by your spines.
The large abomination completely misses you.
The large abomination attacks as you move away!
The large abomination closely misses you.
The large abomination hits you!!
You die...
Fedhas appreciates your contribution to the ecosystem.

# .. .. .##
#. ###....
.##. ..#..#
.....##....#
#.@.#..##.
###X......
#........
#.....##.
#.##..# #.
.... ..
..... #.
.##.


You could see a large abomination.

Vanquished Creatures
  A hydra (D:11)
  A boulder beetle (D:11)
  2 centaur warriors (D:11)
  4 two-headed ogres
  Sonja (D:10)
  A deep elf pyromancer (D:11)
  A manticore (D:11)
  2 ugly things (D:11)
  A cyclops (D:11)
  A kobold demonologist (D:11)
  A komodo dragon (D:11)
  3 trolls
  2 hornets
  4 wraiths
  A wyvern (D:8)
  12 yaks
  A redback (D:11)
  3 wargs
  2 water moccasins
  4 orc warriors
  An ice beast (D:7)
  2 sky beasts
  An ogre (D:7)
  6 centaurs
  2 kobold brigands
  5 bullfrogs
  4 scorpions (D:5)
  8 wights (D:9)
  9 killer bees
  6 howler monkeys
  A jelly (D:4)
  A gnoll bouda (D:7)
  5 hounds
  11 orc priests
  2 iguanas (D:6)
  Ijyb (D:3)
  10 orc wizards
  6 gnolls
  8 adders
  2 white imps
  3 ufetubi
  3 worms (D:5)
  3 dart slugs
  47 orcs
  10 ball pythons
  7 endoplasms
  3 giant cockroaches
  10 goblins
  5 hobgoblins
  10 jackals
  13 kobolds
  6 quokkas
  9 bats
  4 frilled lizards
  5 rats
277 creatures vanquished.

Vanquished Creatures (collateral kills)
  A howler monkey (D:7)
  2 orcs (D:7)
3 creatures vanquished.

Vanquished Creatures (others)
  A bush (D:7)
  12 plants
13 creatures vanquished.

Grand Total: 293 creatures vanquished

Notes
Turn   | Place    | Note
-------+----------+-------------------------------------------
     0 | D:1      | Eitelfritz the Demonspawn Ice Elementalist began the quest
                  | for the Orb.
     0 | D:1      | Reached XP level 1. HP: 13/13 MP: 3/3
   153 | D:1      | Gained mutation: You have an unusually large brain. (Int
                  | +2) [demonic ancestry]
   153 | D:1      | Reached XP level 2. HP: 8/19 MP: 1/5
  1130 | D:1      | Reached XP level 3. HP: 24/24 MP: 1/6
  1300 | D:1      | Learned a level 3 spell: Frozen Ramparts
  1304 | D:1      | Learned a level 3 spell: Ozocubu's Armour
  1544 | D:2      | Reached skill level 3 in Spellcasting
  1884 | D:2      | Found a faded altar of an unknown god.
  1968 | D:2      | Reached XP level 4. HP: 30/30 MP: 6/8
  2286 | D:3      | Noticed Ijyb
  2304 | D:3      | Killed Ijyb
  2726 | D:3      | Learned a level 2 spell: Ensorcelled Hibernation
  3211 | D:4      | Reached XP level 5. HP: 35/35 MP: 0/10
  3631 | D:4      | Found a staircase to the Ecumenical Temple.
  3675 | D:4      | Reached skill level 1 in Staves
  3675 | D:4      | Reached skill level 5 in Ice Magic
  3994 | D:4      | Gained mutation: You regenerate magic rapidly. [demonic
                  | ancestry]
  3994 | D:4      | Reached XP level 6. HP: 42/42 MP: 11/11
  4237 | D:4      | You fall into a shaft and drop 1 floor!
  4237 | D:5      | Entered Level 5 of the Dungeon
  4331 | D:5      | Reached skill level 4 in Spellcasting
  4338 | D:5      | HP: 2/42 [poisoned by a scorpion]
  5089 | D:5      | Gained mutation: You have a small tail. [demonic ancestry]
  5089 | D:5      | Reached XP level 7. HP: 43/47 MP: 8/13
  5094 | D:5      | Learned a level 4 spell: Hailstorm
  5096 | D:5      | Learned a level 1 spell: Necrotise
  6403 | D:6      | Reached skill level 1 in Fighting
  6403 | D:6      | Reached skill level 5 in Spellcasting
  6826 | D:6      | Reached skill level 1 in Armour
  7009 | D:6      | Gained mutation: You have an extremely huge brain. (Int +4)
                  | [demonic ancestry]
  7009 | D:6      | Reached XP level 8. HP: 54/54 MP: 13/16
  7424 | D:7      | Reached skill level 1 in Necromancy
  7503 | D:7      | Found Feithrath's Assorted Antiques.
  7522 | D:7      | Bought a scroll labelled FALECV LASSY for 30 gold pieces
  7522 | D:7      | Bought a scroll labelled DAR FOTSYCVOMAFU for 30 gold
                  | pieces
  7522 | D:7      | Bought a scroll of identify for 60 gold pieces
  7522 | D:7      | Bought a shiny peridot ring for 150 gold pieces
  7522 | D:7      | Bought a scroll labelled UCU QONEUF for 30 gold pieces
  7543 | D:7      | Noticed a two-headed ogre
  7552 | D:7      | Killed a two-headed ogre
  7553 | D:7      | Reached skill level 6 in Spellcasting
  7572 | D:7      | Reached XP level 9. HP: 35/61 MP: 8/19
  7820 | D:7      | Found a shadowy altar of Dithmenos.
  7820 | D:7      | Found a burning altar of Makhleb.
  8144 | D:7      | Reached skill level 7 in Spellcasting
  8363 | D:7      | Found Juapsat's Antique Weapon Shoppe.
  8715 | Temple   | Entered the Ecumenical Temple
  9011 | Temple   | Became a worshipper of Fedhas Madash
  9069 | D:4      | Learned a level 3 spell: Vampiric Draining
  9436 | D:8      | Reached skill level 1 in Invocations
 10261 | D:8      | Identified the +2 dagger of Unreason {protect, rElec rCorr
                  | Str-5 Dex+4}
 10701 | D:9      | Reached * piety under Fedhas
 10775 | D:9      | Reached skill level 8 in Spellcasting
 10958 | D:9      | Paralysed by a hornet for 3 turns
 11213 | D:9      | Gained mutation: You are partially covered in sharp spines.
                  | [demonic ancestry]
 11213 | D:9      | Reached XP level 10. HP: 67/67 MP: 17/22
 12168 | D:10     | Entered Level 10 of the Dungeon
 12190 | D:10     | Noticed a death knight
 12310 | D:10     | Found a staircase to the Orcish Mines.
 12318 | D:10     | Reached ** piety under Fedhas
 12358 | D:10     | Paralysed by a hornet for 2 turns
 12362 | D:10     | Reached skill level 1 in Ranged Weapons
 12400 | D:10     | Reached skill level 5 in Invocations
 12565 | D:10     | Found a hazy altar of Hepliaklqana.
 12608 | D:10     | HP: 2/70 [yak skeleton[the player character] (7)]
 12687 | D:10     | Noticed Sonja
 12718 | D:10     | Killed Sonja
 12719 | D:10     | Reached skill level 9 in Spellcasting
 12932 | D:10     | Noticed a two-headed ogre
 12942 | D:10     | Killed a two-headed ogre
 13046 | D:11     | Noticed a manticore
 13053 | D:11     | Killed a manticore
 13054 | D:11     | Reached XP level 11. HP: 22/75 MP: 11/24
 13168 | D:11     | Identified the +6 mace "Qaomp" {vorpal, rPois rC- Str+4
                  | Dex+5}
 13220 | D:11     | Found a runed translucent gate.
 13221 | D:11     | Found a runed translucent gate.
 13222 | D:11     | Found a runed translucent gate.
 13251 | D:11     | Noticed a two-headed ogre
 13258 | D:11     | Killed a two-headed ogre
 13258 | D:11     | Noticed a two-headed ogre
 13260 | D:11     | Noticed a centaur warrior
 13262 | D:11     | Reached skill level 5 in Necromancy
 13266 | D:11     | Killed a two-headed ogre
 13271 | D:11     | Reached *** piety under Fedhas
 13273 | D:11     | Killed a centaur warrior
 13288 | D:11     | Reached skill level 10 in Spellcasting
 13289 | D:11     | Noticed a deep elf pyromancer
 13297 | D:11     | Killed a deep elf pyromancer
 13314 | D:11     | Noticed a deep elf pyromancer
 13362 | D:11     | Noticed a boulder beetle
 13368 | D:11     | Noticed a white ugly thing
 13374 | D:11     | Noticed a white ugly thing
 13379 | D:11     | Killed a red ugly thing
 13381 | D:11     | Noticed an eight-headed hydra
 13384 | D:11     | Killed a red ugly thing
 13390 | D:11     | Killed an eight-headed hydra
 13391 | D:11     | Reached skill level 5 in Staves
 13445 | D:11     | Noticed a centaur warrior
 13488 | D:11     | Killed a boulder beetle
 13495 | D:11     | Killed a centaur warrior
 13496 | D:11     | Gained mutation: You are mostly covered in sharp spines.
                  | [demonic ancestry]
 13496 | D:11     | Reached XP level 12. HP: 23/83 MP: 1/26
 13588 | D:11     | Found a staircase to the Lair.
 13588 | D:11     | Identified the ring "Zuhailen" {rPois Will+ MP+9 Int+2
                  | Dex+4}
 13602 | Abyss:2  | Cast into level 2 of the Abyss (a wizard)
 13669 | Abyss:2  | Mangled by a large abomination

Illustrated notes

Levels and vault maps discovered:
D:1:      dpeg_arrival_windows_large_door, layout_basic
D:2:      layout_basic, basic_ecumenical_altar, kennysheep_generic_room_15
D:3:      layout_rooms, minmay_goblin_outpost, uniq_ijyb
D:4:      layout_basic, minmay_temple_entry_waves
D:5:      layout_loops_corners
D:6:      layout_basic
D:7:      layout_loops_ring, jmf_multi_god_temple, serial_shops, shop,
          nicolae_shop_overgrown_old_shop, minmay_misc_feat_four_crosses,
          hex_tiny, kb_lookout_dungeons_type, due_unseen_surprise
D:8:      layout_layer_cave, zin_academy
D:9:      layout_stronghold
D:10:     layout_stronghold, nicolae_hepliaklqana_hazy_memory, david_orc_3,
          serial_column_ruins, column_ruins_hut, column_ruins_square_large,
          column_ruins_grid_1, column_ruins_corridor_dead_end,
          column_ruins_open_tiny, uniq_sonja
D:11:     minmay_the_grid_triangle_9x9_rhombus_thin_mashed
          [minmay_the_grid_triangle_9x9_warning,
          minmay_the_grid_triangle_9x9_prize_center,
          minmay_the_grid_triangle_9x9_windchime,
          minmay_the_grid_triangle_9x9_skeleton], layout_basic,
          erik_lair_orcish_takeover, biasface_ghost_orc_armoury
Temple:   dpeg_five_rooms_temple
Abyss:2:  base: D:4, minivault_13, abyss_greek_temple,
          hangedman_abyss_river_spirits

Skill      XL: |  1  2  3  4  5  6  7  8  9 10 11 |
---------------+----------------------------------+-----
Ice Magic      | 4 5 6 7 8 9 |  9.0
Spellcasting   | 3 4 5 6 8 9 10 | 10.6
Stealth        | 2 3 4 |  4.0
Dodging        | 2 3 4 |  4.4
Staves         | 1 2 3 4 5 |  5.0
Fighting       | 1 2 3 |  3.9
Armour         | 1 2 3 |  3.4
Necromancy     | 1 3 4 6 |  6.7
Invocations    | 3 6 8 |  8.8
Ranged Weapons | 1 |  1.4
Short Blades   | |  0.2
Unarmed Combat | |  0.1
Hexes          | |  0.2

Action                   |  1- 3 |  4- 6 |  7- 9 | 10-12 || total
-------------------------+-------+-------+-------+-------++-------
Melee: Dagger            |    16 |       |       |       ||    16
       Short sword       |     6 |       |       |       ||     6
       Quarterstaff      |       |    54 |    86 |   105 ||   245
       Unarmed           |       |    10 |       |       ||    10
       Tailslap          |       |       |    14 |    16 ||    30
 Fire: Shortbow          |       |       |     4 |     5 ||     9
       Longbow           |       |       |       |     3 ||     3
 Cast: Freeze            |    59 |    68 |    80 |    31 ||   238
       Frozen Ramparts   |       |    16 |    18 |    31 ||    65
       Ensorcelled Hiber |       |     1 |     5 |       ||     6
       Necrotise         |       |       |    22 |    10 ||    32
       Ozocubu's Armour  |       |       |     3 |     1 ||     4
       Vampiric Draining |       |       |     8 |    29 ||    37
       Hailstorm         |       |       |     3 |     5 ||     8
  Use: Scroll            |       |     8 |    12 |     1 ||    21
       Potion            |       |       |       |     2 ||     2
 Stab: Sleeping          |     5 |     6 |     5 |       ||    16
       Confused          |       |     1 |       |       ||     1
Armor: Robe              |    14 |    24 |       |       ||    38
       Leather armour    |       |       |    93 |    16 ||   109
       Troll leather arm |       |       |       |    74 ||    74
Dodge: Dodged            |    41 |    88 |   120 |   130 ||   379
